SAL
DELMARVA SHOREBIRDS @ LEXINGTON LEGENDS
04/15/2024
 
TOP OF THE 1ST
Delmarva Shorebirds batting - Pitching for Lexington Legends : RHP Austin Atkeson
Pitching: RHP Austin Atkeson
Batting: RHB Cristián Carmona 0-0: Called Strike
0-1: Ball
1-1: Ground out 5-3 (Groundball, 56S, EV 70.0 MPH)
Batting: LHB Sergio Vallés 0-0: Called Strike
0-1: Ball
1-1: Foul Ball, location: 2F
1-2: Foul Ball, location: 9LDF
1-2: Ball
2-2: Strikes out swinging
Batting: RHB Allan Cerda 0-0: Called Strike
0-1: Called Strike
0-2: Strikes out swinging
Top of the 1st over - 0 runs, 0 hits, 0 errors, 0 left on base; Delmarva 0 - Lexington 0
BOTTOM OF THE 1ST
Lexington Legends batting - Pitching for Delmarva Shorebirds : RHP Cade Weldon
Pitching: RHP Cade Weldon
Batting: RHB Albert Hernández 0-0: SINGLE (Groundball, 4S, EV 66.9 MPH) (infield hit)
Batting: LHB JoJo Blackmon 0-0: Foul Ball, location: 3F
0-1: Fly out, F7 (Flyball, 7, EV 93.1 MPH)
Batting: LHB Jared Pasternack 0-0: Called Strike
0-1: Ball
1-1: Ball
2-1: Ball
3-1: SINGLE (Line Drive, 89S, EV 86.9 MPH)
Albert Hernández to second
Runner from 2nd tries for 3rd, OUT! 8-5
Batting: LHB Jake Johnson 0-0: Foul Ball, location: 3F
0-1: Ball
1-1: Swinging Strike
1-2: Ball
2-2: Strikes out swinging
Bottom of the 1st over - 0 runs, 2 hits, 0 errors, 1 left on base; Delmarva 0 - Lexington 0
TOP OF THE 2ND
Delmarva Shorebirds batting - Pitching for Lexington Legends : RHP Austin Atkeson
Batting: RHB Trejyn Fletcher 0-0: Called Strike
0-1: Ball
1-1: Ball
2-1: Called Strike
2-2: Strikes out swinging
Batting: RHB Matt Shaw 0-0: Called Strike
0-1: Foul Ball, location: 9LMF
0-2: Foul Ball, location: 2LF
0-2: Foul Ball, location: 5SF
0-2: Foul Ball, location: 9LDF
0-2: Ball
1-2: Foul Ball, location: 9LSF
1-2: Ball
2-2: Ball
3-2: SINGLE (Flyball, 56D, EV 96.9 MPH)
Batting: RHB Justin Thomas 0-0: Foul Ball, location: 2F
0-1: Foul Ball, location: 3SF
0-2: Foul Ball, location: 2F
0-2: Grounds into double play, 6-4-3 (Groundball, 6, EV 102.5 MPH)
Top of the 2nd over - 0 runs, 1 hit, 0 errors, 0 left on base; Delmarva 0 - Lexington 0
BOTTOM OF THE 2ND
Lexington Legends batting - Pitching for Delmarva Shorebirds : RHP Cade Weldon
Batting: LHB Yeow-whye Zhang 0-0: Ball
1-0: Swinging Strike
1-1: Ball
2-1: Foul Ball, location: 2F
2-2: Ball
3-2: Base on Balls
Batting: RHB Luca Diamont 0-0: Ball
1-0: Bunted foul
1-1: Bunted foul
1-2: Ball
2-2: Grounds into double play, 1-4-3 (Groundball, 25, EV 66.3 MPH)
Batting: LHB Colt Carbino 0-0: Ball
1-0: Ground out U3 (Groundball, 34, EV 87.5 MPH)
Bottom of the 2nd over - 0 runs, 0 hits, 0 errors, 0 left on base; Delmarva 0 - Lexington 0
TOP OF THE 3RD
Delmarva Shorebirds batting - Pitching for Lexington Legends : RHP Austin Atkeson
Batting: RHB Christian Cairo 0-0: Called Strike
0-1: Ball
1-1: Ball
2-1: Ball
3-1: Base on Balls
Batting: RHB Casey Saucke II 0-0: Sac Bunt to 3S - play at first, batter OUT! 3-1
Christian Cairo to second
Batting: RHB José Correa 0-0: Ball
1-0: Ground out 4-3 (Groundball, 4, EV 93.1 MPH)
Christian Cairo to third
Batting: RHB Cristián Carmona 0-0: Ground out 6-3 (Groundball, 56, EV 104.4 MPH)
Top of the 3rd over - 0 runs, 0 hits, 0 errors, 1 left on base; Delmarva 0 - Lexington 0
BOTTOM OF THE 3RD
Lexington Legends batting - Pitching for Delmarva Shorebirds : RHP Cade Weldon
Batting: RHB Andrew West 0-0: SINGLE (Line Drive, 7LS, EV 83.8 MPH)
Batting: RHB Danny De Andrade 0-0: Ball
1-0: Sac Bunt to 13S - play at first, batter OUT! 1-3
Andrew West to second
Batting: RHB Albert Hernández 0-0: Ball
1-0: Called Strike
1-1: Ball
2-1: Swinging Strike
2-2: Ball
3-2: Base on Balls
Batting: LHB JoJo Blackmon 0-0: Foul Ball, location: 25FF
0-1: Swinging Strike
0-2: Foul Ball, location: 23FF
0-2: Strikes out swinging
Batting: LHB Jared Pasternack 0-0: Ball
1-0: Ball
2-0: Called Strike
2-1: 3-RUN HOME RUN (Line Drive, 7D, EV 99.4 MPH), Distance : 391 ft
Batting: LHB Jake Johnson 0-0: Ball
1-0: Ground out U3 (Groundball, 3S, EV 88.1 MPH)
Bottom of the 3rd over - 3 runs, 2 hits, 0 errors, 0 left on base; Delmarva 0 - Lexington 3
TOP OF THE 4TH
Delmarva Shorebirds batting - Pitching for Lexington Legends : RHP Austin Atkeson
Batting: LHB Sergio Vallés 0-0: Ball
1-0: Ball
2-0: Foul Ball, location: 9LDF
2-1: Ball
3-1: DOUBLE (Line Drive, 78XD, EV 104.4 MPH)
Batting: RHB Allan Cerda 0-0: Foul Ball, location: 3FF
0-1: Called Strike
0-2: SINGLE (Groundball, 6S, EV 76.3 MPH) (infield hit)
Sergio Vallés to third
Batting: RHB Trejyn Fletcher 0-0: Ball
1-0: Called Strike
1-1: Ball
2-1: Fielders Choice at 2nd, 5-4 (Groundball, 5, EV 90.0 MPH)
Sergio Vallés scores
Batting: RHB Matt Shaw 0-0: Swinging Strike
0-1: Called Strike
Trejyn Fletcher is caught stealing 2nd base 2-4
0-2: Ground out 5-3 (Groundball, 56, EV 83.1 MPH)
Top of the 4th over - 1 run, 2 hits, 0 errors, 0 left on base; Delmarva 1 - Lexington 3
BOTTOM OF THE 4TH
Lexington Legends batting - Pitching for Delmarva Shorebirds : RHP Cade Weldon
Batting: LHB Yeow-whye Zhang 0-0: Called Strike
0-1: Ball
1-1: Ball
2-1: Foul Ball, location: 7LSF
2-2: Ball
3-2: Foul Ball, location: 7LSFF
3-2: Base on Balls
Batting: RHB Luca Diamont 0-0: Sac Bunt to 3S - play at first, batter OUT! 3-1
Yeow-whye Zhang to second
Batting: LHB Colt Carbino 0-0: Ball
1-0: Called Strike
1-1: Ball
2-1: Swinging Strike
2-2: Strikes out swinging
Batting: RHB Andrew West 0-0: SINGLE (Line Drive, 6D, EV 94.4 MPH)
Yeow-whye Zhang to third
Runner from 3rd tries for Home, SAFE, throw by CF to home
Batting: RHB Danny De Andrade 0-0: Called Strike
0-1: Swinging Strike
0-2: Ball
1-2: Fly out, F7 (Line Drive, 7LM, EV 109.4 MPH)
Bottom of the 4th over - 1 run, 1 hit, 0 errors, 1 left on base; Delmarva 1 - Lexington 4
TOP OF THE 5TH
Delmarva Shorebirds batting - Pitching for Lexington Legends : RHP Austin Atkeson
Batting: RHB Justin Thomas 0-0: Foul Ball, location: 3SF
0-1: Swinging Strike
0-2: Ball
1-2: Foul Ball, location: 9LSF
1-2: Strikes out swinging
Batting: RHB Christian Cairo 0-0: Ball
1-0: Ball
2-0: Ball
3-0: Base on Balls
Batting: RHB Casey Saucke II 0-0: Foul Ball, location: 2LF
0-1: Ball
1-1: Foul Ball, location: 3F
1-2: Strikes out swinging
Batting: RHB José Correa 0-0: Ball
1-0: Called Strike
1-1: Swinging Strike
1-2: Foul Ball, location: 3DF
1-2: Strikes out swinging
Top of the 5th over - 0 runs, 0 hits, 0 errors, 1 left on base; Delmarva 1 - Lexington 4
BOTTOM OF THE 5TH
Lexington Legends batting - Pitching for Delmarva Shorebirds : RHP Cade Weldon
Batting: RHB Albert Hernández 0-0: Fly out, F8 (Line Drive, 8LD, EV 93.8 MPH)
Batting: LHB JoJo Blackmon 0-0: Ground out 4-3 (Groundball, 4, EV 83.8 MPH)
Batting: LHB Jared Pasternack 0-0: Ball
1-0: Called Strike
1-1: Ball
2-1: Called Strike
2-2: Foul Ball, location: 7LDF
2-2: Strikes out swinging
Bottom of the 5th over - 0 runs, 0 hits, 0 errors, 0 left on base; Delmarva 1 - Lexington 4
TOP OF THE 6TH
Delmarva Shorebirds batting - Pitching for Lexington Legends : RHP Austin Atkeson
Batting: RHB Cristián Carmona 0-0: Called Strike
0-1: Called Strike
0-2: Ground out 1-3 (Groundball, 13, EV 70.6 MPH)
Batting: LHB Sergio Vallés 0-0: Called Strike
0-1: Foul Ball, location: 3FF
0-2: Ball
1-2: Ball
2-2: Ball
3-2: Base on Balls
Batting: RHB Allan Cerda 0-0: Ball
1-0: 2-RUN HOME RUN (Flyball, 7D, EV 95.6 MPH), Distance : 371 ft
Batting: RHB Trejyn Fletcher 0-0: Fly out, F8 (Flyball, 8LD, EV 110.0 MPH)
Batting: RHB Matt Shaw 0-0: Foul Ball, location: 9LSF
0-1: Swinging Strike
0-2: Strikes out looking
Top of the 6th over - 2 runs, 1 hit, 0 errors, 0 left on base; Delmarva 3 - Lexington 4
BOTTOM OF THE 6TH
Lexington Legends batting - Pitching for Delmarva Shorebirds : RHP Cade Weldon
Batting: LHB Jake Johnson 0-0: Ball
1-0: Ball
2-0: DOUBLE (Groundball, 3L, EV 93.8 MPH)
Batting: LHB Yeow-whye Zhang 0-0: Called Strike
0-1: Called Strike
0-2: Ball
1-2: Ball
2-2: Foul Ball, location: 3F
2-2: Foul Ball, location: 7LSF
2-2: 2-RUN HOME RUN (Flyball, 89XD, EV 105.6 MPH), Distance : 420 ft
Pitching: RHP Zuleide Gaula
Batting: RHB Luca Diamont 0-0: Ball
1-0: Ball
2-0: Foul Ball, location: 23F
2-1: Fly out, F9 (Line Drive, 9S, EV 95.6 MPH)
Batting: LHB Colt Carbino 0-0: Called Strike
0-1: Ball
1-1: Foul Ball, location: 2F
1-2: Strikes out swinging
Batting: RHB Andrew West 0-0: Ball
1-0: Foul Ball, location: 9LDF
1-1: Ball
2-1: Ball
3-1: Ground out 4-3 (Groundball, 4, EV 86.3 MPH)
Bottom of the 6th over - 2 runs, 2 hits, 0 errors, 0 left on base; Delmarva 3 - Lexington 6
TOP OF THE 7TH
Delmarva Shorebirds batting - Pitching for Lexington Legends : RHP Austin Atkeson
Pitching: LHP Mason Fluharty
Now at 3B: Tanner Pierce
Batting: RHB Justin Thomas 0-0: Called Strike
0-1: Ball
1-1: Hit by Pitch
Batting: RHB Christian Cairo 0-0: Ball
1-0: Ball
2-0: Called Strike
2-1: Foul Ball, location: 9LMF
2-2: Ball
3-2: Foul Ball, location: 23F
3-2: Grounds into double play, 6-4-3 (Groundball, 6MD, EV 93.8 MPH)
Batting: RHB Casey Saucke II 0-0: Ball
1-0: Ball
2-0: Fly out, F8 (Line Drive, 8LD, EV 95.0 MPH)
Top of the 7th over - 0 runs, 0 hits, 0 errors, 0 left on base; Delmarva 3 - Lexington 6
BOTTOM OF THE 7TH
Lexington Legends batting - Pitching for Delmarva Shorebirds : RHP Zuleide Gaula
Batting: RHB Danny De Andrade 0-0: Foul Ball, location: 9LSF
0-1: Swinging Strike
0-2: Ball
1-2: Fly out, F8 (Flyball, 78D, EV 98.8 MPH)
Batting: RHB Albert Hernández 0-0: Called Strike
0-1: Ball
1-1: Foul Ball, location: 23FF
1-2: Strikes out swinging
Batting: LHB JoJo Blackmon 0-0: Fly out, F9 (Flyball, 9LD, EV 101.3 MPH)
Bottom of the 7th over - 0 runs, 0 hits, 0 errors, 0 left on base; Delmarva 3 - Lexington 6
TOP OF THE 8TH
Delmarva Shorebirds batting - Pitching for Lexington Legends : LHP Mason Fluharty
Batting: RHB José Correa 0-0: Ball
1-0: Ball
2-0: Ball
3-0: Called Strike
3-1: Called Strike
3-2: Strikes out looking
Batting: RHB Cristián Carmona 0-0: Ball
1-0: SOLO HOME RUN (Flyball, 9LD, EV 93.1 MPH), Distance : 353 ft
Batting: LHB Sergio Vallés 0-0: Ball
1-0: Ball
2-0: Fly out, F8 (Flyball, 8RD, EV 95.0 MPH)
Batting: RHB Allan Cerda 0-0: Ball
1-0: Ball
2-0: Ground out 4-3 (Groundball, 4M, EV 85.6 MPH)
Top of the 8th over - 1 run, 1 hit, 0 errors, 0 left on base; Delmarva 4 - Lexington 6
BOTTOM OF THE 8TH
Lexington Legends batting - Pitching for Delmarva Shorebirds : RHP Zuleide Gaula
Batting: LHB Jared Pasternack 0-0: Swinging Strike
0-1: Foul Ball, location: 7LDF
0-2: Fly out, F6 (Popup, 6M, EV 73.1 MPH)
Batting: LHB Jake Johnson 0-0: Foul Ball, location: 2LF
0-1: Called Strike
0-2: Strikes out looking
Batting: LHB Yeow-whye Zhang 0-0: Foul Ball, location: 3F
0-1: Ball
1-1: Ball
2-1: Foul Ball, location: 7LMF
2-2: Fly out, F7 (Flyball, 7D, EV 98.8 MPH)
Bottom of the 8th over - 0 runs, 0 hits, 0 errors, 0 left on base; Delmarva 4 - Lexington 6
TOP OF THE 9TH
Delmarva Shorebirds batting - Pitching for Lexington Legends : LHP Mason Fluharty
Pitching: RHP Joe Allen
Batting: RHB Trejyn Fletcher 0-0: Ball
1-0: Ball
2-0: Ball
3-0: Base on Balls
Pinch Hitting: LHB Ryan Holgate 0-0: Called Strike
0-1: Swinging Strike
0-2: Ball
1-2: Foul Ball, location: 7LSF
1-2: 2-RUN HOME RUN (Flyball, 9D, EV 93.8 MPH), Distance : 368 ft
Batting: RHB Justin Thomas 0-0: Ball
1-0: Ground out 6-3 (Groundball, 56, EV 99.4 MPH)
Batting: RHB Christian Cairo 0-0: Ball
1-0: Ball
2-0: Ball
3-0: Base on Balls
Batting: RHB Casey Saucke II 0-0: Swinging Strike
0-1: Ball
1-1: Foul Ball, location: 3SF
1-2: Foul Ball, location: 9LDF
1-2: Ball
2-2: Fly out, F3 (Popup, 34S, EV 69.4 MPH)
Pinch Hitting: RHB Logan Krystkowiak 0-0: Ball
Christian Cairo steals 2nd base
1-0: Foul Ball, location: 23F
1-1: Foul Ball, location: 3F
1-2: Foul Ball, location: 9LMF
1-2: Strikes out swinging
Top of the 9th over - 2 runs, 1 hit, 0 errors, 1 left on base; Delmarva 6 - Lexington 6
BOTTOM OF THE 9TH
Lexington Legends batting - Pitching for Delmarva Shorebirds : RHP Zuleide Gaula
Pitching: LHP John Jenkins
Now at C: Josiah Cromwick
Now at SS: Marcelo Venturini
Batting: RHB Tanner Pierce 0-0: Ball
1-0: Foul Ball, location: 2F
1-1: Ball
2-1: Called Strike
2-2: Ground out 4-3 (Groundball, 4, EV 83.8 MPH)
Pinch Hitting: RHB Robert Dawson 0-0: Called Strike
0-1: Fly out, F7 (Flyball, 7D, EV 91.9 MPH)
Batting: RHB Andrew West 0-0: Ball
1-0: Ball
2-0: Swinging Strike
2-1: Foul Ball, location: 5FF
2-2: SINGLE (Flyball, 6D, EV 85.0 MPH)
Batting: RHB Danny De Andrade 0-0: Foul Ball, location: 3F
0-1: Foul Ball, location: 25F
0-2: Strikes out looking
Bottom of the 9th over - 0 runs, 1 hit, 0 errors, 1 left on base; Delmarva 6 - Lexington 6
TOP OF THE 10TH
Delmarva Shorebirds batting - Pitching for Lexington Legends : RHP Joe Allen
Josiah Cromwick starts the inning at 2nd base.
Pitching: LHP Brock Jones
Now at 2B: Tommy Troy
Batting: RHB Cristián Carmona 0-0: Sac Bunt to 13 - play at first, batter OUT! 1-3
Josiah Cromwick to third
Pinch Hitting: RHB Eugene Burnett 0-0: Ball
1-0: Ball
Wild Pitch!
Josiah Cromwick scores
2-0: Ball
3-0: Called Strike
3-1: Called Strike
3-2: Strikes out looking
Batting: RHB Allan Cerda 0-0: SOLO HOME RUN (Flyball, 9D, EV 103.1 MPH), Distance : 384 ft
Batting: RHB Trejyn Fletcher 0-0: Foul Ball, location: 25F
0-1: Ball
1-1: Foul Ball, location: 25F
1-2: Ball
2-2: Strikes out swinging
Top of the 10th over - 2 runs, 1 hit, 0 errors, 0 left on base; Delmarva 8 - Lexington 6
BOTTOM OF THE 10TH
Lexington Legends batting - Pitching for Delmarva Shorebirds : LHP John Jenkins
Danny De Andrade starts the inning at 2nd base.
Now in CF: Eugene Burnett
Batting: RHB Albert Hernández 0-0: Ball
1-0: Swinging Strike
1-1: SINGLE (Line Drive, 78S, EV 92.5 MPH)
Danny De Andrade to third
Batting: LHB JoJo Blackmon 0-0: Called Strike
0-1: Fly out, F7 (Flyball, 7D, EV 94.4 MPH)
Runner from 3rd tags up, SCORES, no throw by LF
Batting: LHB Jared Pasternack 0-0: Called Strike
0-1: Ball
1-1: Ball
2-1: Ball
3-1: Base on Balls
Albert Hernández to second
Pinch Hitting: RHB Chad Knight 0-0: Grounds into double play, 5-4-3 (Groundball, 56S, EV 81.3 MPH)
Bottom of the 10th over - 1 run, 1 hit, 0 errors, 1 left on base; Delmarva 8 - Lexington 7
Tuesday, April 23rd , 2024 - OOTP Baseball 24.11 Build 85